 Dungeon Crawl Stone Soup version 0.31-a0-1604-g2b2087b (webtiles) character file.

Game seed: 9596023480829423764

39760790 Wizard1ke the Merry Human (level 27, 249/249 HPs)
             Began as a Human Brigand on Jan 6, 2024.
             Was an Elder of the Shining One.
             Escaped with the Orb
             ... and 15 runes
             ... and 11 gems (all intact) on Jan 7, 2024!
             The game lasted 05:13:03 (37869 turns).

Wizard1ke the Merry Human (Human Brigand)          Turns: 37869, Time: 05:13:04

Health: 249/249    AC: 14    Str: 15    XL:     27
Magic:  37/40      EV: 54    Int: 13    God:    the Shining One [****..]
Gold:   8258       SH: 55    Dex: 42    Spells: 17/26 levels left

rFire   + + .        A - +9 hand cannon (holy)
rCold   . . .        H - +2 tower shield
rNeg    + + .        x - +3 troll leather armour of Truth {^Contam rElec rC- Regen+ Dex+9}
rPois   +            G - +2 helmet
rElec   +            l - scarf {rC+ rF+}
rCorr   +            p - +2 pair of gloves {Str+3}
SInv    +            r - +1 pair of boots {Fly}
Will    ++...        L - dreamshard necklace {Acrobat *Dream}
Stlth   +            a - +6 ring of dexterity
HPRegen 1.41/turn    b - ring of Siru {rPois rF+ rCorr SInv}
MPRegen 0.27/turn

%: acrobat
@: divinely shielded, flying, glowing, studying Throwing
A: explore regen, large bone plates 1, mutation resistance 1
0: Orb of Zot
}: 15/15 runes: decaying, slimy, silver, golden, iron, obsidian, icy, bone,
abyssal, demonic, glowing, magical, fiery, dark, gossamer
a: Renounce Religion, Divine Shield, Cleansing Flame


You escaped.
You worshipped the Shining One.
The Shining One was greatly pleased with you.
You visited 18 branches of the dungeon, and saw 88 of its levels.
You visited Pandemonium 1 time, and saw 16 of its levels.
You visited the Abyss 2 times.
You also visited: Ice Cave and Wizlab.

You collected 10197 gold pieces.
You spent 1939 gold pieces at shops.

Inventory:

Hand Weapons
 e - the +6 triple crossbow "Ipsuxeall" {freeze, rPois Str+3}
   (Okawaru gifted it to you on level 1 of the Lair of Beasts)

   Str+3:     It affects your strength (+3).
   rPois:     It protects you from poison
 A - a +9 hand cannon of holy wrath (weapon)
Missiles
 w - 4 darts of dispersal
 E - 5 throwing nets
Armour
 h - a +0 tower shield
 l - a scarf of resistance (worn)
 p - a +2 pair of gloves of strength (worn)
 r - a +1 pair of boots of flying (worn)
 x - the +3 troll leather armour of Truth (worn) {^Contam rElec rC- Regen+ Dex+9}
   (Okawaru gifted it to you on level 1 of the Lair of Beasts)

   Dex+9:     It affects your dexterity (+9).
   rC-:       It makes you vulnerable to cold.
   rElec:     It insulates you from electricity.
   ^Contam:   It causes magical contamination when unequipped.
   Regen+:    It increases your rate of health regeneration.
 G - a +2 helmet (worn)
 H - a +2 tower shield (worn)
Jewellery
 a - a +6 ring of dexterity (left hand)
 b - the ring of Siru (right hand) {rPois rF+ rCorr SInv}
   (You found it on level 3 of the Elven Halls)

   [ring of poison resistance]

   rF+:       It protects you from fire.
   rPois:     It protects you from poison SInv: It lets you see invisible.
   rCorr:     It protects you from acid and corrosion.
 g - a ring of protection from cold
 i - an amulet of regeneration
 y - a +6 ring of dexterity
 B - a ring of willpower
 I - an amulet of faith
 L - the dreamshard necklace (around neck) {Acrobat *Dream}
   (You found it on level 7 of Tartarus)

   [amulet of the acrobat]

   *Dream:    It absorbs a single lethal wound into itself, holding its wearer
   just short of death and releasing dream-creatures to guard them.
   Acrobat:   It increases your evasion while moving and waiting.
 Q - the ring of Rablirr {rElec rC+ rCorr Dex-4}
   (You found it on level 3 of the Realm of Zot)

   [ring of resist corrosion]

   Dex-4:     It affects your dexterity (-4).
   rC+:       It protects you from cold.
   rElec:     It insulates you from electricity.
   rCorr:     It protects you from acid and corrosion.
 S - a ring of protection from cold
Wands
 c - a wand of acid (39)
 f - a wand of digging (6)
 j - a wand of mindburst (67)
 k - a wand of flame (9)
 T - a wand of iceblast (54)
 W - a wand of charming (15)
Scrolls
 t - 7 scrolls of vulnerability
 u - a scroll of teleportation
 C - 3 scrolls of blinking
 D - 8 scrolls of fear
 M - 10 scrolls of poison
 O - 8 scrolls of butterflies
 R - 2 scrolls of enchant armour
 Y - 2 scrolls of immolation
 Z - 4 scrolls of silence {!r}
Potions
 d - 13 potions of mutation
 n - 2 potions of magic
 o - a potion of haste
 q - a potion of attraction
 z - 4 potions of curing
 J - 2 potions of resistance
 K - 7 potions of brilliance
 P - a potion of might
 U - 3 potions of ambrosia
 V - 3 potions of heal wounds
 X - 3 potions of lignification
Miscellaneous
 m - a phial of floods
 s - a figurine of a ziggurat
 N - a condenser vane


   Skills:
 O Level 27 Fighting
 - Level 3.0 Short Blades
 O Level 27 Ranged Weapons
 - Level 3.0 Throwing
 O Level 27 Dodging
 - Level 4.7 Stealth
 O Level 27 Shields
 + Level 17.2 Translocations
 O Level 27 Invocations
 - Level 15.0 Evocations


You had 17 spell levels left.
You knew the following spells:

 Your Spells              Type           Power      Damage    Failure   Level
a - Apportation           Tloc           88%        N/A       1%          1
b - Blink                 Tloc           88%        N/A       1%          2
c - Dispersal             Tloc           22%        N/A       4%          6

Your spell library contained the following spells:

 Spells                   Type           Power      Damage    Failure   Level
 Lesser Beckoning         Tloc           88%        N/A       1%          2
 Momentum Strike          Conj/Tloc      44%        3d9       1%          2
 Gell's Gravitas          Tloc           44%        N/A       1%          3
 Teleport Other           Tloc           44%        N/A       1%          3
 Manifold Assault         Tloc           44%        N/A       1%          4
 Volatile Blastmotes      Fire/Tloc      44%        2d13      3%          3
 Iskenderun's Mystic Bla  Conj/Tloc      22%        2d6       11%         4
 Vhi's Electric Charge    Tloc/Air       44%        N/A       11%         4
 Foxfire                  Conj/Fire      0%         2x1d4     36%         1
 Freeze                   Ice            0%         1d3       36%         1
 Kiss of Death            Conj/Necr      0%         2d5       36%         1
 Magic Dart               Conj           0%         1d3       36%         1
 Shock                    Conj/Air       0%         1d3       36%         1
 Slow                     Hex            0%         N/A       36%         1
 Sting                    Conj/Alch      0%         1d3       36%         1
 Call Imp                 Summ           0%         N/A       50%         2
 Ensorcelled Hibernation  Hex/Ice        0%         N/A       50%         2
 Mercury Vapours          Alch/Air       0%         N/A       50%         2
 Searing Ray              Conj           0%         2d4       50%         2
 Sublimation of Blood     Necr           0%         N/A       50%         2
 Confusing Touch          Hex            0%         N/A       75%         3
 Dazzling Flash           Conj/Hex       0%         N/A       75%         3
 Frozen Ramparts          Ice            0%         1d1       75%         3
 Fugue of the Fallen      Necr           0%         N/A       75%         3
 Hailstorm                Conj/Ice       0%         3d5       75%         3
 Inner Flame              Hex/Fire       0%         N/A       75%         3
 Mephitic Cloud           Conj/Alch/Air  0%         N/A       75%         3
 Ozocubu's Armour         Ice            0%         N/A       75%         3
 Sigil of Binding         Hex            0%         N/A       75%         3
 Stone Arrow              Conj/Erth      0%         3d7       75%         3
 Summon Ice Beast         Ice/Summ       0%         N/A       75%         3
 Swiftness                Air            0%         N/A       75%         3
 Vampiric Draining        Necr           0%         2d6       75%         3
 Airstrike                Air            0%         2d(0-16)  98%         4
 Anguish                  Hex/Necr       0%         N/A       98%         4
 Animate Armour           Summ/Erth      0%         N/A       98%         4
 Animate Dead             Necr           0%         N/A       98%         4
 Brom's Barrelling Bould  Conj/Erth      0%         2d3       98%         4
 Dispel Undead            Necr           0%         3d6       98%         4
 Flame Wave               Conj/Fire      0%         2d4       98%         4
 Fulminant Prism          Conj/Alch      0%         3d5       98%         4
 Ignite Poison            Fire/Alch      0%         N/A       98%         4
 Leda's Liquefaction      Alch/Erth      0%         N/A       98%         4
 Petrify                  Alch/Erth      0%         N/A       98%         4
 Sticky Flame             Fire/Alch      0%         2d4       98%         4
 Summon Lightning Spire   Summ/Air       0%         N/A       98%         4
 Alistair's Intoxication  Alch           0%         N/A       100%        5
 Arcjolt                  Conj/Air       0%         1d10      100%        5
 Borgnjor's Vile Clutch   Necr/Erth      0%         N/A       100%        5
 Curse of Agony           Necr           0%         N/A       100%        5
 Fireball                 Conj/Fire      0%         3d3       100%        5
 Freezing Cloud           Conj/Ice/Air   0%         6-21      100%        5
 Irradiate                Conj/Alch      0%         3d11      100%        5
 Iskenderun's Battlesphe  Conj           0%         2d6       100%        5
 Lee's Rapid Deconstruct  Erth           0%         3d4*      100%        5
 Metabolic Englaciation   Hex/Ice        0%         N/A       100%        5
 Silence                  Hex/Air        0%         N/A       100%        5
 Summon Mana Viper        Hex/Summ       0%         N/A       100%        5
 Bombard                  Conj/Erth      0%         9d1       100%        6
 Conjure Ball Lightning   Conj/Air       0%         3x3d6     100%        6
 Death Channel            Necr           0%         N/A       100%        6
 Eringya's Noxious Bog    Alch           0%         4d6       100%        6
 Plasma Beam              Fire/Air       0%         2x1d10    100%        6
 Sculpt Simulacrum        Ice/Alch       0%         N/A       100%        6
 Starburst                Conj/Fire      0%         6d3       100%        6
 Monstrous Menagerie      Summ           0%         N/A       100%        7
 Orb of Destruction       Conj           0%         9d5       100%        7
 Ozocubu's Refrigeration  Ice            0%         4d7       100%        7
 Summon Hydra             Summ           0%         N/A       100%        7
 Ignition                 Fire           0%         3d3       100%        8
 Lehudib's Crystal Spear  Conj/Erth      0%         10d2      100%        8
 Maxwell's Capacitive Co  Air            0%         ∞         100%        8


Dungeon Overview and Level Annotations

Branches:
Dungeon (15/15)            Temple (1/1) D:6            Lair (5/5) D:10
  Swamp (4/4) Lair:2       Spider (4/4) Lair:2        Slime (5/5) Lair:4
    Orc (2/2) D:11            Elf (3/3) Orc:2        Vaults (5/5) D:13
  Crypt (3/3) Vaults:3       Tomb (3/3) Crypt:3      Depths (4/4) D:15
   Hell (visited)             Dis (7/7) Hell            Geh (7/7) Hell
    Coc (7/7) Hell            Tar (7/7) Hell            Zot (5/5) Depths:4
  IceCv (visited)          WizLab (visited)

Altars:
Ashenzari
Cheibriados
Dithmenos
Elyvilon
Fedhas
Gozag
Hepliaklqana
Kikubaaqudgha
Makhleb
Nemelex Xobeh
Okawaru
Qazlal
Ru
Sif Muna
Trog
Uskayaw
Vehumet
Wu Jian
Xom
Yredelemnul
Zin
The Shining One
Lugonu

Shops:
D:7 [   D:11 [   D:12 ?   Orc:1 (   Orc:2 ![(:   Elf:3 (   Vaults:1 [*
Vaults:3 [   Depths:1 [

Portals:
Hell: Depths:1 Depths:2 Depths:3
Abyss: Lair:5 Depths:3
Pandemonium: Depths:1
Ziggurat: Depths:2
Trove: D:12 (give 8 scrolls of fog)

Annotations:
D:11 Fannar
Swamp:2 exclusion: 4 lightning spires
Elf:2 3 runed translucent doors
Vaults:3 3 runed translucent doors, Ycago's ghost, veteran GrGl
Vaults:4 Mennas
Vaults:5 !vaults warning!vaults warning
Tomb:3 exclusions: fire giant and frost giant
Tar:6 25 runed translucent doors
Zot:4 1 transporter


Innate Abilities, Weirdness & Mutations

You regain HP and MP as you explore.
You are partially covered in large bone plates. (SH +4)
You are somewhat resistant to further mutation.


Message History

The Orb Guardian is severely wounded.
You block the Orb Guardian's attack. x2
You shoot a bolt. The bolt hits the Orb Guardian!
The Orb Guardian is almost dead.
You block the Orb Guardian's attack.
You shoot a bolt. The bolt hits the Orb Guardian!!!
You kill the Orb Guardian!
No target in view!
(D) Dungeon (T) Temple (L) Lair (S) Swamp (N) Spider Nest (M) Slime Pits (O) Orcish Mines (E) Elven Halls (V) Vaults (C) Crypt (W) Tomb (U) Depths (H) Hell (I) Dis (G) Gehenna (X) Cocytus (Y) Tartarus (Z) Zot
Where to? (Tab/Enter - D:1 @ (x,y), ? - help)
There is a stone staircase leading up here.
You fly upwards.
There is a stone staircase leading down here.
A dart slug comes into view.
A green death comes into view.
You shoot a bolt. The bolt hits the green death!!!
You kill the green death!
The Shining One accepts your kill.
You hear a shout!
You shoot a bolt. The bolt hits the dart slug!!
You kill the dart slug!
(D) Dungeon (T) Temple (L) Lair (S) Swamp (N) Spider Nest (M) Slime Pits (O) Orcish Mines (E) Elven Halls (V) Vaults (C) Crypt (W) Tomb (U) Depths (H) Hell (I) Dis (G) Gehenna (X) Cocytus (Y) Tartarus (Z) Zot
Where to? (Tab/Enter - D:1 @ (x,y), ? - help)
There is a stone staircase leading up here.
You fly upwards.
There is a stone staircase leading down here.
There is a stone staircase leading up here.
You fly upwards.
There is a stone staircase leading down here.
There is a staircase leading out of the dungeon here.
Your shield is strengthened by the Shining One's divine power.
You have escaped!

#.....#....##...#
#.# # ###.###....###
##..# ##. #
.....###....# .#
#...##
####.###....## .#
#..... ###......# .#
#...## ###
#.......## ##.# ###
# ..#
#)#.##...###...# #
#....#...###.......#
# #######.##
###..@### #
......#.# ##### # #
#..# #.######
#......# ## #..###.#
######### .##
#..###.####.......#
..####..#..........#
÷.........#.####.#.#


There were no monsters in sight!

Vanquished Creatures
  Cerebov (Pan)
  the Royal Jelly (Slime:5)
  Asmodeus (Geh:7)
  Mnoleg (Pan)
  the Serpent of Hell (Dis:7)
  Ignacio (Pan)
  Lom Lobon (Pan)
  Frederick (Vaults:4)
  13 pandemonium lords
  Dispater (Dis:7)
  6 dread liches
  5 ancient liches
  7 orbs of fire
  8 juggernauts
  27 royal mummies
  3 Killer Klowns
  12 shard shrikes
  Bai Suzhen (Vaults:5)
  Margery (Vaults:4)
  Geryon (Hell)
  32 caustic shrikes
  2 curse toes (Zot:1)
  6 golden dragons
  4 profane servitors
  14 bone dragons
  Jory (Crypt:2)
  Nikola (Swamp:4)
  4 hellephants
  9 Brimstone Fiends
  An electric golem (Zot:5)
  11 Tzitzimimeh
  6 iron giants
  15 tentacled monstrosities
  10 doom hounds
  25 Hell Sentinels
  A spectral shard shrike (Tar:3)
  15 Ice Fiends
  A moon troll (WizLab)
  Jorgrun (D:14)
  6 tainted leviathans
  10 liches
  7 deep elf blademasters
  9 deep elf master archers
  7 sphinxes
  33 titans
  2 quicksilver dragons (Zot:1)
  8 searing wretches
  22 acid blobs
  28 Orb Guardians
  6 death cobs
  9 shadow dragons
  13 tentacled starspawn
  26 ancient champions
  21 Executioners
  8 storm dragons
  A thorn hunter (Swamp:4)
  Kirke (D:14)
  10 tengu reavers
  2 fenstrider witches (Pan)
  Agnes (D:14)
  A draconian monk (Zot:1)
  6 protean progenitors (Pan)
  6 revenants
  Donald (Swamp:4)
  A daeva (D:10)
  27 fire giants
  The ghost of roomforsquares the Brawler, a journeyman TrGl of Okawaru (Swamp:1)
  8 rockslimes
  11 azure jellies
  4 draconian shifters
  6 quicksilver elementals
  13 frost giants
  8 narguns
  9 deep elf sorcerers
  40 balrugs
  4 deep elf elementalists (Elf:3)
  12 demonspawn warmongers
  10 vault wardens
  10 ghost moths
  3 draconian knights
  2 draconian scorchers
  4 emperor scorpions
  3 curse skulls
  3 iron dragons
  19 ironbound preservers
  18 cacodemons
  A caustic shrike skeleton (Pan)
  2 draconian stormcallers (Zot:1)
  A spectral caustic shrike (Tar:3)
  6 shard shrike simulacra
  3 orc warlords
  13 quicksilver oozes
  4 formless jellyfish
  5 demonspawn corrupters
  17 very ugly things
  16 demonspawn blood saints
  29 reapers
  4 draconian annihilators
  2 juggernaut skeletons
  A broodmother (Spider:1)
  6 ghouls
  12 deep elf death magi
  3 dire elephants (Vaults:2)
  7 vampire knights
  5 ironbound thunderhulks
  8 putrid mouths
  11 lorocyprocas
  4 green draconians
  32 stone giants
  13 deep elf annihilators
  Nessos (Lair:5)
  8 black draconians
  13 demonspawn black suns (Pan)
  5 eleionomae
  6 bennus
  10 purple draconians
  15 wendigos
  6 deep elf demonologists (Elf:3)
  12 elemental wellsprings
  2 spectral titans (Tar:2)
  6 yellow draconians
  Azrael (Spider:1)
  28 war gargoyles
  9 white draconians
  12 starcursed masses
  12 green deaths
  12 iron golems
  7 spark wasps
  3 bunyips
  9 eidola
  9 ettins
  8 red draconians
  The ghost of Bogg the Severer, a journeyman DsMo of Wu Jian (Lair:1)
  20 blizzard demons
  8 fire dragons
  13 jiangshi
  A quicksilver dragon zombie (Tomb:2)
  19 mummy priests
  3 spectral spriggans
  Josephine (D:11)
  A crystal guardian (WizLab)
  10 yaktaur captains
  4 deep elf high priests
  7 salamander tyrants
  6 ironbound frosthearts
  7 entropy weavers
  12 great orbs of eyes
  26 vault guards
  21 hydras
  15 ice dragons
  7 rakshasas
  6 juggernaut simulacra
  3 catoblepae (Lair:5)
  2 peacekeepers (Vaults:4)
  A radroach (Spider:4)
  9 hell beasts
  7 caustic shrike simulacra
  5 ogre magi
  A spriggan air mage (Depths:4)
  2 jorogumos
  A spriggan skeleton (Tomb:1)
  6 alligators
  4 ghost crabs
  4 boulder beetles
  15 centaur warriors
  2 merfolk aquamancers (Pan)
  15 two-headed ogres
  4 stokers
  4 death knights
  9 death yaks
  2 vampire magi
  133 death scarabs
  5 deep troll shamans
  A merfolk avatar (Abyss:4)
  14 thrashing horrors
  28 hell hogs
  7 orc high priests
  12 deep troll earth magi
  10 dancing weapons
  2 tengu warriors (D:13)
  5 occultists
  3 shock serpents (Pan)
  6 spriggans
  40 sun demons
  4 spriggan berserkers
  11 demonic crawlers
  3 skysharks
  28 soul eaters
  7 crystal echidnas
  19 deep elf knights
  7 hell knights
  A skyshark (shapeshifter) (Vaults:5)
  3 hellephant skeletons (Pan)
  9 iron trolls
  17 sixfirhies
  46 skeletal warriors
  4 wretched stars
  2 spectral bunyips (Tar:2)
  An iron giant zombie (Crypt:2)
  An emperor scorpion zombie (Crypt:1)
  7 goliath frogs
  A spark wasp zombie (Crypt:1)
  2 pharaoh ants
  14 shadow wraiths
  50 deep trolls
  25 large abominations
  9 swamp dragons
  8 flayed ghosts
  11 orb spiders
  A deep troll (shapeshifter) (Vaults:5)
  4 spriggan druids
  An anaconda zombie (Tomb:3)
  A kraken simulacrum (Hell)
  3 quicksilver dragon simulacra
  7 steelbarb worms
  4 arcanists
  7 shadow demons
  11 bog bodies
  3 spriggan simulacra
  9 sun moths
  2 mana vipers (Pan)
  11 deep elf archers
  7 phantasmal warriors
  A fenstrider witch simulacrum (Coc:2)
  2 lindwurms (Vaults:4)
  7 glowing orange brains
  11 ironbound convokers
  2 alligator zombies (Hell)
  5 necromancers
  12 orc knights
  32 deep elf pyromancers
  47 ugly things
  12 wolf spiders
  17 deep elf zephyrmancers
  A spectral ettin (Tar:3)
  7 cyclopes
  9 orc sorcerers
  3 will-o-the-wisps
  6 manticores
  4 shining eyes
  16 moths of wrath
  2 toenail golems
  4 stone giant skeletons
  2 guardian serpents (shapeshifter)
  3 frost giant skeletons (Geh:2)
  3 ice statues (IceCv)
  A fire giant skeleton (Crypt:1)
  3 black mambas
  12 rust devils
  15 elephants
  4 kobold blastminers (Orc:2)
  16 orange demons
  A titan simulacrum (Coc:7)
  13 vault sentinels
  51 smoke demons
  8 torpor snails
  8 eyes of devastation
  A gargoyle (D:12)
  7 molten gargoyles
  An alligator snapping turtle zombie (Tomb:3)
  6 cane toads
  A cane toad (shapeshifter) (D:13)
  2 centaur skeletons (D:15)
  Jeremiah (D:7)
  2 rime drakes (Lair:1)
  An unseen horror zombie (Crypt:1)
  12 freezing wraiths
  12 komodo dragons
  4 kobold demonologists
  23 yaktaurs
  29 hellions
  An iron giant simulacrum (Coc:3)
  6 efreet
  5 anaconda simulacra
  47 guardian mummies
  Psyche (D:11)
  2 bunyip simulacra
  An ancient zyme (Abyss:2)
  5 ice devils
  5 red devils
  A golden dragon simulacrum (Coc:5)
  18 tormentors
  2 trolls (shapeshifter)
  A tengu conjurer (D:15)
  2 silent spectres
  5 trolls
  A human skeleton (Vaults:2)
  A spectral harpy (Tar:6)
  An iron troll skeleton (Crypt:2)
  A death drake zombie (Crypt:2)
  2 polar bears
  A queen bee (shapeshifter) (D:14)
  7 hornets
  A bloated husk (Swamp:2)
  9 hellwings
  9 tyrant leeches
  3 harpy skeletons
  A harpy zombie (Tomb:3)
  An alligator simulacrum (Hell)
  2 glass eyes (Slime:2)
  16 tarantellas
  11 dream sheep
  3 hydra skeletons (Hell)
  16 raiju
  27 blink frogs
  2 iron dragon simulacra
  A black mamba zombie (Tomb:2)
  11 jumping spiders
  5 shadows
  An air elemental (Elf:1)
  19 small abominations
  51 slime creatures
  A spriggan (shapeshifter) (D:14)
  24 ynoxinuls
  26 culicivoras
  An ettin skeleton (Crypt:3)
  15 wraiths
  5 dire elephant simulacra
  13 water elementals
  A hog (D:14)
  12 ushabtiu
  A vampire (Abyss:2)
  2 wyverns
  2 humans (D:14)
  A yak (shapeshifter) (Elf:2)
  A basilisk (shapeshifter) (D:13)
  5 basilisks
  37 yaks
  45 redbacks
  18 chaos spawn
  2 wargs
  13 golden eyes
  7 vampire mosquitoes
  2 death yak simulacra (IceCv)
  2 steam dragons (D:8)
  Grum (D:9)
  25 neqoxecs
  6 fire elementals
  A faun zombie (Crypt:1)
  14 swamp worms
  12 harpy simulacra
  An ogre zombie (Vaults:2)
  An acid dragon (D:11)
  11 water moccasins
  4 hell hounds (Spider:1)
  A swamp worm (shapeshifter) (Vaults:5)
  A hydra simulacrum (IceCv)
  A naga skeleton (Tomb:3)
  A black bear (shapeshifter) (D:14)
  9 swamp drakes
  2 ice beasts
  A sky beast (D:7)
  4 black bears
  12 orc warriors
  16 laughing skulls
  A blink frog zombie (Crypt:2)
  4 ettin simulacra
  9 ogres
  13 wolves
  A boggart (Elf:1)
  16 centaurs
  A dream sheep skeleton (Crypt:2)
  A phantom (D:5)
  13 bullfrogs
  3 weeping skulls
  2 necrophages
  2 kobold brigands
  3 brain worms
  3 scorpions
  A gnoll sergeant (D:8)
  2 naga simulacra
  2 cane toad simulacra (IceCv)
  2 earth elementals
  4 burial acolytes (Crypt:3)
  13 wights
  8 killer bees
  An elephant simulacrum (IceCv)
  5 howler monkeys
  3 electric eels
  A quasit (D:9)
  A black bear zombie (Crypt:2)
  A bombardier beetle (D:6)
  3 hounds
  4 gnoll boudas
  18 orc priests
  3 jellies
  Natasha (twice) (D:2)
  An iguana (D:5)
  30 orc wizards
  11 hell rats
  A boggart skeleton (D:15)
  2 wolf simulacra (IceCv)
  54 mummies
  21 gnolls
  6 adders
  4 shadow imps
  A swamp drake skeleton (Crypt:1)
  3 white imps
  6 ufetubi (D:6)
  3 dart slugs
  2 ribbon worms
  44 orcs
  A bat zombie (Crypt:2)
  8 endoplasms
  3 giant cockroaches
  9 goblins
  3 hobgoblins
  2 quokkas
  10 ball pythons
  A bat (D:1)
  3 frilled lizards
  14 kobolds
  4 rats
  An aspiring flesh (Pan)
  2 ball lightnings (Pan)
  3 creeping infernos
  9 fire vortices
  11 starspawn tentacles
  2 tentacles (Hell)
3550 creatures vanquished.

Vanquished Creatures (collateral kills)
  Antaeus (Coc:7)
  Ereshkigal (Tar:7)
  Gloorx Vloq (Pan)
  A juggernaut (Geh:2)
  5 bone dragons
  An iron giant (Dis:4)
  2 Tzitzimimeh (Tar:7)
  2 doom hounds (Tar:7)
  A Hell Sentinel (Pan)
  2 tainted leviathans (Tar:7)
  A deep elf master archer (Crypt:3)
  2 fire giants (Geh:2)
  A shard shrike simulacrum (Coc:7)
  A reaper (Pan)
  A black draconian (Crypt:3)
  A red draconian (Crypt:3)
  A jiangshi (Crypt:3)
  2 iron golems (Dis:4)
  A death knight (Crypt:3)
  3 soul eaters (Pan)
  A shadow wraith (Tar:7)
  3 large abominations (Pan)
  A stone giant skeleton (Geh:2)
  2 laughing skulls (Crypt:3)
  A lurking horror (Abyss:4)
39 creatures vanquished.

Vanquished Creatures (others)
  A titan (Tomb:2)
  An eldritch tentacle (Pan)
  A death cob (Zot:1)
  A nargun (Coc:7)
  3 fire giants
  A frost giant (Coc:1)
  2 balrugs
  A reaper (Pan)
  A yellow draconian (Tomb:3)
  A wendigo (Coc:7)
  A caustic shrike simulacrum (Coc:7)
  2 hell beasts (Geh:6)
  2 spriggan simulacra
  An orb spider (Spider:1)
  A large abomination (Slime:2)
  An eye of devastation (WizLab)
  An iron giant simulacrum (Coc:7)
  3 bloated husks
  A centaur simulacrum (Coc:1)
  A dire elephant simulacrum (Coc:7)
  A ynoxinul (D:9)
  A chaos spawn (Pan)
  A harpy simulacrum (Coc:2)
  4 necrophages
  2 orc wizards
  A gnoll (D:8)
  A white imp (D:8)
  9 ball lightnings (Pan)
  2 foxfires (Swamp:4)
  18 starspawn tentacles
  2 tentacles (Hell)
69 creatures vanquished.

Grand Total: 3658 creatures vanquished

Notes
Turn   | Place    | Note
-------+----------+-------------------------------------------
     0 | D:1      | Wizard1ke the Human Brigand began the quest for the Orb.
     0 | D:1      | Reached XP level 1. HP: 16/16 MP: 1/1
    10 | D:1      | Reached XP level 2. HP: 22/22 MP: 2/2
   289 | D:1      | Found a faded altar of an unknown god.
   351 | D:2      | Reached XP level 3. HP: 17/27 MP: 3/3
   469 | D:2      | Found a glowing silver altar of Zin.
   605 | D:2      | Noticed Natasha
   613 | D:2      | Killed Natasha
   614 | D:2      | Reached XP level 4. HP: 34/34 MP: 4/4
   813 | D:2      | Noticed Natasha
   834 | D:2      | Reached XP level 5. HP: 21/40 MP: 5/5
   844 | D:2      | Killed Natasha
  1241 | D:5      | Entered Level 5 of the Dungeon
  1400 | D:4      | Found a burning altar of Makhleb.
  1401 | D:4      | Found an iron altar of Okawaru.
  1402 | D:4      | Found an ornate altar of the Wu Jian Council.
  1402 | D:4      | Found a stormy altar of Qazlal.
  1402 | D:4      | Found a sparkling altar of Nemelex Xobeh.
  1402 | D:4      | Found a hide-covered altar of Uskayaw.
  1404 | D:4      | Found a shimmering altar of Xom.
  1404 | D:4      | Found a snail-covered altar of Cheibriados.
  1404 | D:4      | Found an ancient bone altar of Kikubaaqudgha.
  1413 | D:4      | Became a worshipper of Warmaster Okawaru
  1568 | D:4      | Reached XP level 6. HP: 45/47 MP: 6/6
  1845 | D:6      | Noticed a black bear
  2038 | D:5      | Reached XP level 7. HP: 48/55 MP: 7/7
  2368 | D:6      | Reached * piety under Okawaru
  2369 | D:6      | Reached skill level 5 in Fighting
  2400 | D:5      | Reached skill level 5 in Dodging
  2400 | D:5      | Reached skill level 1 in Invocations
  2735 | D:6      | Reached XP level 8. HP: 62/64 MP: 8/10
  2837 | D:6      | Found a staircase to the Ecumenical Temple.
  2856 | Temple   | Entered the Ecumenical Temple
  2914 | D:7      | Reached ** piety under Okawaru
  3316 | D:7      | Noticed Jeremiah
  3415 | D:7      | Found Gaton's Antique Armour Boutique.
  3457 | D:7      | Reached skill level 5 in Invocations
  3645 | D:7      | Reached skill level 1 in Ranged Weapons
  3738 | D:7      | Reached XP level 9. HP: 21/72 MP: 10/12
  3933 | D:7      | Identified the +1 spear of Exquisite Death {protect, rC++
                  | Str+3 Dex-2}
  4057 | D:7      | Reached skill level 5 in Ranged Weapons
  4225 | D:8      | You fall into a shaft and drop 2 floors!
  4225 | D:10     | Entered Level 10 of the Dungeon
  4326 | D:10     | Noticed a two-headed ogre
  4338 | D:10     | Killed a two-headed ogre
  4487 | D:10     | Noticed a hornet
  4496 | D:10     | Paralysed by a hornet for 2 turns
  4499 | D:10     | Killed a hornet
  4500 | D:10     | Reached XP level 10. HP: 45/79 MP: 11/13
  4518 | D:10     | Noticed a death yak
  4521 | D:10     | Noticed a death yak
  4529 | D:10     | Noticed a death yak
  4530 | D:10     | Killed a death yak
  4530 | D:10     | Reached *** piety under Okawaru
  4545 | D:10     | Found a staircase to the Lair.
  4613 | D:10     | Identified the +7 shortbow of Lautoa Pybif {freeze, SInv
                  | Stlth+}
  4642 | D:9      | Noticed a sixfirhy
  4643 | D:9      | Noticed a sun demon
  4652 | D:10     | Killed a sixfirhy
  4653 | D:10     | Reached skill level 10 in Ranged Weapons
  4865 | D:8      | Noticed a two-headed ogre
  4870 | D:8      | Killed a two-headed ogre
  4870 | D:8      | Reached **** piety under Okawaru
  4933 | D:8      | Reached XP level 11. HP: 55/87 MP: 12/14
  5171 | D:9      | Noticed a sixfirhy
  5172 | D:9      | Noticed a two-headed ogre
  5176 | D:9      | Killed a sixfirhy
  5184 | D:9      | Killed a sun demon
  5187 | D:9      | Killed a two-headed ogre
  5286 | D:9      | Reached ***** piety under Okawaru
  5354 | D:9      | Noticed Grum
  5367 | D:9      | Killed Grum
  5582 | D:11     | Noticed Psyche
  5582 | D:11     | Noticed a red ugly thing
  5589 | D:11     | Killed Psyche
  5594 | D:11     | Killed a red ugly thing
  5708 | D:11     | Noticed Josephine
  5728 | D:11     | Killed Josephine
  5733 | D:11     | Noticed Fannar
  5735 | D:11     | Reached skill level 10 in Fighting
  5740 | D:11     | Reached XP level 12. HP: 88/97 MP: 14/16
  5763 | Arena    | Entered the Arena
  5871 | D:12     | Noticed a boulder beetle
  5872 | D:12     | Noticed a two-headed ogre
  5881 | D:12     | Killed a two-headed ogre
  5906 | D:12     | Killed a boulder beetle
  5994 | D:12     | Received a gift from Okawaru
  6206 | D:11     | Found Myteonin's Armour Shop.
  6209 | D:11     | Found a staircase to the Orcish Mines.
  6431 | D:10     | Killed a death yak
  6525 | D:10     | Killed a death yak
  6550 | Lair:1   | Entered Level 1 of the Lair of Beasts
  6746 | Lair:1   | Found a runed translucent door.
  6746 | Lair:1   | Noticed Bogg's ghost (journeyman DsMo)
  6768 | Lair:1   | Reached skill level 10 in Dodging
  6783 | Lair:1   | Reached XP level 13. HP: 106/106 MP: 19/19
  6880 | Lair:1   | Reached ****** piety under Okawaru
  6880 | Lair:1   | Received a gift from Okawaru
  6881 | Lair:1   | Acquired the +6 triple crossbow "Ipsuxeall" {freeze, rPois
                  | Str+3}
  6881 | Lair:1   | Received a gift from Okawaru
  6951 | Lair:1   | Found a frozen archway.
  6970 | IceCv    | Entered an ice cave
  7288 | Lair:2   | You fall into a shaft and drop 1 floor!
  7420 | Lair:4   | Received a gift from Okawaru
  7421 | Lair:4   | Acquired the +3 troll leather armour of Truth {^Contam
                  | rElec rC- Regen+ Dex+9}
  7421 | Lair:4   | Received a gift from Okawaru
  7459 | Lair:5   | Entered Level 5 of the Lair of Beasts
  7479 | Lair:5   | Noticed Nessos
  7541 | Lair:5   | Killed Nessos
  7572 | Lair:5   | Received a gift from Okawaru
  7588 | Lair:5   | Found a glowing silver altar of Zin.
  7737 | Lair:5   | Reached XP level 14. HP: 115/116 MP: 20/20
  7770 | Lair:5   | Got an earthy gem with 2648 turns to spare
  7775 | Lair:5   | Received a gift from Okawaru
  7846 | Lair:5   | Found a corrupted altar of Lugonu.
  7846 | Lair:5   | Found a one-way gate to the infinite horrors of the Abyss.
  7862 | Lair:5   | Got Elyel's Octavo of Azure Obstruction
  7908 | Lair:5   | Received a gift from Okawaru
  7963 | Lair:5   | Reached skill level 10 in Invocations
  8050 | Lair:5   | Reached skill level 15 in Ranged Weapons
  8198 | Lair:4   | Received a gift from Okawaru
  8252 | Lair:4   | Found a staircase to the Slime Pits.
  8274 | Lair:4   | Identified the +3 falchion "Ollar" {flame, Int+2 Dex+2
                  | Stlth+}
  8306 | Lair:4   | Received a gift from Okawaru
  8446 | Lair:3   | Reached XP level 15. HP: 97/125 MP: 23/23
  8949 | Lair:2   | Found a staircase to the Swamp.
  8987 | Lair:2   | Found a hole to the Spider Nest.
  9314 | Orc:1    | Entered Level 1 of the Orcish Mines
  9373 | Orc:2    | Entered Level 2 of the Orcish Mines
  9532 | Orc:2    | Found Lawemm's Antique Armour Shop.
  9535 | Orc:2    | Found Moacy's Book Emporium.
  9551 | Orc:2    | Bought a book of Spatial Translocations for 216 gold pieces
  9551 | Orc:2    | Bought Xuafat Hoheo's Tome of Generative Nonlocality for
                  | 552 gold pieces
  9553 | Orc:2    | Learned a level 1 spell: Apportation
  9556 | Orc:2    | Learned a level 2 spell: Blink
  9556 | Orc:2    | Found Rytanic's Antique Weapon Emporium.
  9558 | Orc:2    | Found Desmix's Distillery.
  9566 | Orc:2    | Bought a potion of heal wounds for 60 gold pieces
  9566 | Orc:2    | Bought a potion of mutation for 96 gold pieces
  9566 | Orc:2    | Bought 2 potions of invisibility for 192 gold pieces
  9759 | Orc:2    | Found a staircase to the Elven Halls.
  9798 | Orc:1    | Found Fiom Xihue's Antique Weapon Emporium.
  9808 | Orc:1    | Received a gift from Okawaru
 10134 | D:12     | Found a portal to a secret trove of treasure.
 10178 | D:12     | Found Laiq's Magic Scroll Shop.
 10181 | D:12     | Bought a scroll of fear for 48 gold pieces
 10181 | D:12     | Bought a scroll of fear for 48 gold pieces
 10181 | D:12     | Bought a scroll of enchant armour for 90 gold pieces
 10181 | D:12     | Bought a scroll of vulnerability for 48 gold pieces
 10181 | D:12     | Bought a scroll of silence for 114 gold pieces
 10181 | D:12     | Bought a scroll of immolation for 48 gold pieces
 10181 | D:12     | Bought a scroll of revelation for 90 gold pieces
 10181 | D:12     | Bought a scroll of identify for 24 gold pieces
 10549 | D:13     | Found a gate to the Vaults.
 10589 | D:13     | Received a gift from Okawaru
 10635 | D:14     | Noticed Kirke
 10641 | D:14     | Killed Kirke
 10662 | D:14     | Noticed Agnes
 10667 | D:14     | Killed Agnes
 10690 | D:14     | Received a gift from Okawaru
 10690 | D:14     | Noticed Jorgrun
 10753 | D:14     | Reached XP level 16. HP: 134/134 MP: 25/25
 10781 | D:14     | Killed Jorgrun
 10782 | D:14     | Reached skill level 15 in Fighting
 10843 | D:15     | Entered Level 15 of the Dungeon
 11051 | D:14     | Received a gift from Okawaru
 11180 | D:15     | Found a staircase to the Depths.
 11183 | D:15     | Got a smoky gem with 1417 turns to spare
 11246 | D:15     | Received a gift from Okawaru
 11654 | Elf:1    | Entered Level 1 of the Elven Halls
 11699 | Elf:1    | Received a gift from Okawaru
 11702 | Elf:1    | Reached skill level 15 in Dodging
 11901 | Elf:1    | Reached XP level 17. HP: 118/137 MP: 26/26
 12038 | Elf:2    | Received a gift from Okawaru
 12130 | Elf:2    | Found a runed translucent gate.
 12131 | Elf:2    | Found a runed translucent gate.
 12131 | Elf:2    | Found a runed translucent gate.
 12346 | Elf:3    | Entered Level 3 of the Elven Halls
 12347 | Elf:3    | Upgraded the game from 0.31-a0-1591-g515db51 to
                  | 0.31-a0-1597-ge7908ec
 12361 | Elf:3    | Received a gift from Okawaru
 12391 | Elf:3    | Found a radiant altar of Vehumet.
 12420 | Elf:3    | Found Tileseb's Weapon Shop.
 12593 | Elf:3    | Received a gift from Okawaru
 12687 | Elf:3    | Noticed a deep elf blademaster
 12689 | Elf:3    | Received a gift from Okawaru
 12692 | Elf:3    | Killed a deep elf blademaster
 12694 | Abyss:2  | Found a corrupted altar of Lugonu.
 12694 | Abyss:2  | Cast into level 2 of the Abyss (a deep elf demonologist)
 12827 | Abyss:2  | Noticed a tentacled starspawn
 12831 | Abyss:2  | Killed a tentacled starspawn
 12831 | Abyss:2  | Noticed a tentacled starspawn
 12834 | Abyss:2  | Killed a tentacled starspawn
 12843 | Abyss:2  | Gained mutation: You sometimes lose your temper in combat.
                  | [a neqoxec]
 12988 | Abyss:2  | Found a basalt altar of Yredelemnul.
 13003 | Abyss:2  | Found a corrupted altar of Lugonu.
 13018 | Abyss:3  | Found a corrupted altar of Lugonu.
 13045 | Elf:3    | Escaped the Abyss
 13058 | Elf:3    | Reached XP level 18. HP: 149/149 MP: 21/27
 13059 | Elf:3    | Received a gift from Okawaru
 13105 | Elf:3    | Received a gift from Okawaru
 13121 | Elf:3    | Noticed a Tzitzimitl
 13138 | Elf:3    | Identified the ring "Exit Kyph" {Will+ EV+5}
 13258 | Elf:3    | Identified the staff of Naptehen {^Drain rElec Int+7 SInv
                  | Ice Air}
 13280 | Elf:3    | Got the Writings on Hexing Alteration
 13295 | Elf:3    | Identified the +1 rapier "Pupab" {drain, Int+2}
 13304 | Elf:3    | Identified the ring of Siru {rPois rF+ rCorr SInv}
 13321 | Elf:3    | Got a shimmering gem with 462 turns to spare
 13689 | Swamp:1  | Entered Level 1 of the Swamp
 13718 | Swamp:2  | Received a gift from Okawaru
 13839 | Swamp:4  | Entered Level 4 of the Swamp
 13931 | Swamp:4  | Noticed Donald
 13937 | Swamp:4  | Killed Donald
 13938 | Swamp:4  | Noticed Nikola
 13944 | Swamp:4  | Killed Nikola
 13960 | Swamp:4  | Received a gift from Okawaru
 14041 | Swamp:4  | Noticed a tentacled monstrosity
 14044 | Swamp:4  | Killed a tentacled monstrosity
 14089 | Swamp:4  | Reached XP level 19. HP: 153/154 MP: 29/29
 14100 | Swamp:4  | Received a gift from Okawaru
 14219 | Swamp:4  | Got a decaying rune of Zot
 14221 | Swamp:4  | Got a mossy gem with 1214 turns to spare
 14317 | Swamp:3  | Received a gift from Okawaru
 14336 | Arena    | Entered the Arena
 14609 | Swamp:1  | Found a runed translucent gate.
 14609 | Swamp:1  | Found a runed translucent gate.
 14615 | Swamp:1  | Noticed roomforsquares's ghost (journeyman TrGl)
 14622 | Swamp:1  | Found a runed translucent gate.
 14644 | Swamp:1  | Killed roomforsquares's ghost
 14753 | Spider:1 | Entered Level 1 of the Spider Nest
 14935 | Spider:1 | Noticed Azrael
 14942 | Spider:1 | Killed Azrael
 15018 | Spider:2 | Received a gift from Okawaru
 15131 | Spider:4 | Entered Level 4 of the Spider Nest
 15175 | Spider:4 | Received a gift from Okawaru
 15176 | Spider:4 | Reached skill level 15 in Invocations
 15341 | Spider:4 | Reached XP level 20. HP: 168/168 MP: 16/31
 15419 | Spider:4 | Got a gossamer rune of Zot
 15422 | Spider:4 | Got a milky-white gem with 1737 turns to spare
 15621 | Spider:3 | Received a gift from Okawaru
 15867 | Spider:1 | Received a gift from Okawaru
 15976 | Lair:2   | Upgraded the game from 0.31-a0-1597-ge7908ec to
                  | 0.31-a0-1604-g2b2087b
 16102 | Slime:1  | Entered Level 1 of the Pits of Slime
 16341 | Vaults:1 | Entered Level 1 of the Vaults
 16542 | Vaults:4 | Received a gift from Okawaru
 16658 | Vaults:4 | Identified the orb of Biownyg {*channel, rN+}
 16658 | Vaults:4 | Noticed Frederick
 16666 | Vaults:4 | Killed Frederick
 16721 | Vaults:4 | Noticed Margery
 16721 | Vaults:4 | Noticed a hellephant
 16733 | Vaults:4 | Killed a hellephant
 16736 | Vaults:4 | Received a gift from Okawaru
 16742 | Vaults:4 | Killed Margery
 16819 | Vaults:5 | Entered Level 5 of the Vaults
 16867 | Vaults:5 | Identified the amulet of Niseylas {Spirit -Cast Harm rCorr
                  | Dex+3}
 16949 | Vaults:5 | Got a shining gem with 3173 turns to spare
 16951 | Vaults:5 | Got a silver rune of Zot
 16972 | Vaults:5 | Received a gift from Okawaru
 16975 | Vaults:5 | Reached XP level 21. HP: 84/180 MP: 28/32
 17026 | Vaults:5 | Noticed a dread lich
 17029 | Vaults:5 | Killed a dread lich
 17070 | Vaults:5 | Received a gift from Okawaru
 17108 | Vaults:5 | Noticed an ancient lich
 17118 | Vaults:5 | Killed an ancient lich
 17138 | Vaults:5 | Received a gift from Okawaru
 17139 | Vaults:5 | Noticed an ancient lich
 17142 | Vaults:5 | Reached skill level 1 in Evocations
 17143 | Vaults:5 | Killed an ancient lich
 17155 | Vaults:5 | Noticed a golden dragon
 17156 | Vaults:5 | Noticed an ancient lich
 17163 | Vaults:5 | Killed a golden dragon
 17173 | Vaults:5 | Killed an ancient lich
 17242 | Vaults:5 | Received a gift from Okawaru
 17243 | Vaults:5 | Reached skill level 5 in Evocations
 17410 | Vaults:5 | Noticed Bai Suzhen
 17423 | Vaults:5 | Killed Bai Suzhen
 17463 | Vaults:5 | Identified the +8 arbalest of Majestic Defiance {penet,
                  | Str+2}
 17463 | Vaults:5 | Identified the +4 mace "Wizard1ke's Foe" {speed, rC+ Will+}
 17544 | Vaults:5 | Noticed a golden dragon
 17550 | Vaults:5 | Killed a golden dragon
 17553 | Vaults:5 | Received a gift from Okawaru
 17676 | Vaults:5 | Reached XP level 22. HP: 178/190 MP: 33/33
 17697 | Vaults:5 | Noticed a dread lich
 17700 | Vaults:5 | Paralysed by a dread lich for 5 turns
 17708 | Vaults:5 | Killed a dread lich
 17708 | Vaults:5 | Received a gift from Okawaru
 17716 | Vaults:5 | Reached skill level 10 in Evocations
 17913 | Vaults:5 | Received a gift from Okawaru
 17931 | Vaults:4 | Noticed Mennas
 18015 | Vaults:4 | Received a gift from Okawaru
 18091 | Vaults:4 | Identified the +7 battleaxe of Iconoclasm {holy, rElec
                  | Str+5 Dex-4}
 18357 | Vaults:3 | Found a staircase to the Crypt.
 18455 | Vaults:3 | Found Ogukh's Armour Boutique.
 18545 | Vaults:3 | Found a runed translucent gate.
 18545 | Vaults:3 | Found a runed translucent gate.
 18545 | Vaults:3 | Found a runed translucent gate.
 18545 | Vaults:3 | Noticed Ycago's ghost (veteran GrGl)
 18607 | Arena    | Entered the Arena
 18829 | Vaults:2 | Received a gift from Okawaru
 19090 | Vaults:1 | Found Feoxzuis's Antique Armour Shop.
 19097 | Vaults:1 | Bought a runed helmet for 217 gold pieces
 19135 | Vaults:1 | Reached XP level 23. HP: 196/196 MP: 34/34
 19194 | Vaults:1 | Found Maickemp's General Store.
 19202 | Vaults:1 | Bought a potion of attraction for 48 gold pieces
 19202 | Vaults:1 | Bought a potion of curing for 48 gold pieces
 19358 | Depths:1 | Entered Level 1 of the Depths
 19358 | Depths:1 | Found Ahaeniorph's Antique Armour Emporium.
 19427 | Depths:1 | Found a stormy altar of Qazlal.
 19476 | Depths:1 | Found a gateway to Hell.
 19594 | Depths:1 | Found a one-way gate leading to the halls of Pandemonium.
 19654 | Depths:1 | Received a gift from Okawaru
 19870 | Depths:2 | Found a one-way gateway to a ziggurat.
 20163 | Depths:3 | Received a gift from Okawaru
 20228 | Depths:3 | Found a magical portal.
 20239 | WizLab   | Entered Lehudib's Moon Base
 20412 | WizLab   | Received a gift from Okawaru
 20414 | WizLab   | Found a transporter.
 20508 | WizLab   | Found a transporter.
 20588 | WizLab   | Paralysed by accursed screaming for 1 turns
 20594 | WizLab   | Paralysed by accursed screaming for 2 turns
 20741 | Depths:4 | Entered Level 4 of the Depths
 20745 | Depths:4 | Reached XP level 24. HP: 208/208 MP: 35/35
 20804 | Depths:4 | Received a gift from Okawaru
 20944 | Depths:4 | Found an ornate altar of the Wu Jian Council.
 20992 | Depths:4 | Found a gate to the Realm of Zot.
 21499 | D:7      | Killed Jeremiah
 21541 | Temple   | Fell from the grace of Okawaru
 21541 | Temple   | Became a worshipper of the Shining One
 21868 | Crypt:1  | Entered Level 1 of the Crypt
 22245 | Lair:1   | Killed Bogg's ghost
 22606 | Vaults:3 | Reached * piety under the Shining One
 22720 | Crypt:1  | Reached ** piety under the Shining One
 22807 | Crypt:2  | Reached *** piety under the Shining One
 22909 | Crypt:2  | Noticed Jory
 22921 | Crypt:2  | Killed Jory
 22931 | Crypt:2  | Reached **** piety under the Shining One
 23030 | Crypt:1  | Reached ***** piety under the Shining One
 23080 | Crypt:2  | Reached skill level 1 in Shields
 23108 | Crypt:3  | Entered Level 3 of the Crypt
 23194 | Crypt:3  | Identified the +3 hand axe "Arcanum" {freeze, Will- Int-3
                  | Dex+5 SInv Stlth+}
 23212 | Crypt:3  | Reached ****** piety under the Shining One
 23214 | Crypt:3  | Identified a +3 hand cannon of holy wrath (a +1 hand cannon
                  | of flaming blessed by the Shining One)
 23214 | Crypt:3  | Received a gift from the Shining One
 23247 | Crypt:3  | Found a basalt altar of Yredelemnul.
 23262 | Crypt:3  | Reached skill level 5 in Shields
 23486 | Crypt:3  | Reached XP level 25. HP: 216/216 MP: 36/36
 23536 | Crypt:3  | Found a staircase to the Tomb.
 23560 | Crypt:3  | Got an ivory gem with 696 turns to spare
 23563 | Tomb:1   | Entered Level 1 of the Tomb of the Ancients
 23700 | Tomb:1   | Paralysed by a sphinx for 4 turns
 23818 | Tomb:1   | Reached skill level 10 in Shields
 23985 | Tomb:1   | Noticed a royal mummy
 24008 | Tomb:1   | Killed a royal mummy
 24025 | Tomb:2   | Noticed a royal mummy
 24025 | Tomb:2   | Noticed a royal mummy
 24025 | Tomb:2   | Noticed a royal mummy
 24025 | Tomb:2   | Noticed a royal mummy
 24031 | Tomb:2   | Killed a royal mummy
 24031 | Tomb:2   | Killed a royal mummy
 24033 | Tomb:2   | Killed a royal mummy
 24033 | Tomb:2   | Killed a royal mummy
 24187 | Tomb:1   | Noticed a royal mummy
 24312 | Tomb:1   | Killed a royal mummy
 24394 | Tomb:1   | Noticed a royal mummy
 24406 | Tomb:1   | Killed a royal mummy
 24427 | Tomb:1   | Noticed a royal mummy
 24429 | Tomb:1   | Noticed a royal mummy
 24432 | Tomb:1   | Killed a royal mummy
 24436 | Tomb:1   | Killed a royal mummy
 24438 | Tomb:1   | Noticed a royal mummy
 24439 | Tomb:1   | Noticed a royal mummy
 24444 | Tomb:1   | Killed a royal mummy
 24446 | Tomb:1   | Killed a royal mummy
 24446 | Tomb:1   | Noticed a royal mummy
 24450 | Tomb:1   | Killed a royal mummy
 24455 | Tomb:1   | Noticed a royal mummy
 24471 | Tomb:1   | Killed a royal mummy
 24499 | Tomb:1   | Noticed a royal mummy
 24511 | Tomb:1   | Killed a royal mummy
 24512 | Tomb:1   | Noticed a royal mummy
 24518 | Tomb:1   | Noticed a royal mummy
 24519 | Tomb:1   | Killed a royal mummy
 24523 | Tomb:1   | Killed a royal mummy
 24571 | Tomb:1   | Noticed a royal mummy
 24575 | Tomb:1   | Killed a royal mummy
 24575 | Tomb:1   | Noticed a royal mummy
 24586 | Tomb:1   | Killed a royal mummy
 24587 | Tomb:1   | Reached skill level 15 in Shields
 24669 | Tomb:3   | Entered Level 3 of the Tomb of the Ancients
 24671 | Tomb:3   | Noticed a royal mummy
 24671 | Tomb:3   | Noticed a royal mummy
 24674 | Tomb:3   | Killed a royal mummy
 24674 | Tomb:3   | Killed a royal mummy
 24674 | Tomb:3   | Noticed a royal mummy
 24675 | Tomb:3   | Reached XP level 26. HP: 224/224 MP: 36/36
 24677 | Tomb:3   | Noticed a royal mummy
 24681 | Tomb:3   | Killed a royal mummy
 24682 | Tomb:3   | Killed a royal mummy
 24697 | Tomb:3   | Noticed a royal mummy
 24706 | Tomb:3   | Killed a royal mummy
 24782 | Tomb:3   | Noticed a royal mummy
 24791 | Tomb:3   | Noticed a royal mummy
 24793 | Tomb:3   | Killed a royal mummy
 24794 | Tomb:3   | Noticed a royal mummy
 24797 | Tomb:3   | Killed a royal mummy
 24803 | Tomb:3   | Killed a royal mummy
 24805 | Tomb:3   | HP: 11/224 [fire giant/+2 great sword of flaming[the fury
                  | of Okawaru] (18)]
 24829 | Tomb:3   | Noticed a royal mummy
 24835 | Tomb:3   | Killed a royal mummy
 24881 | Tomb:3   | Got a golden rune of Zot
 24884 | Tomb:3   | Got a sanguine gem with 216 turns to spare
 25429 | Pan      | Entered Pandemonium
 25580 | Pan      | Noticed Jedour the pandemonium lord
 25584 | Pan      | Killed Jedour the pandemonium lord
 25619 | Pan      | Reached XP level 27. HP: 215/231 MP: 20/36
 25935 | Pan      | Entered the realm of Cerebov.
 26101 | Pan      | Reached skill level 1 in Translocations
 26151 | Pan      | Found the +6 sword of Cerebov {flame}
 26151 | Pan      | Noticed Cerebov
 26285 | Pan      | Killed Cerebov
 26305 | Pan      | Got a fiery rune of Zot
 26326 | Pan      | Got the Cyclopedia of Breezy Impulse
 26476 | Pan      | Identified the ring of Undoing {Ice rPois Int+2}
 26562 | Pan      | Noticed Yppuvvy the pandemonium lord
 26573 | Pan      | Killed Yppuvvy the pandemonium lord
 26597 | Pan      | Entered the realm of Mnoleg.
 26601 | Pan      | Noticed Ignacio
 26608 | Pan      | Killed Ignacio
 26609 | Pan      | Reached skill level 5 in Translocations
 26683 | Pan      | Gained mutation: Your body sometimes deteriorates upon
                  | taking damage. [a cacodemon]
 26699 | Pan      | Gained mutation: Your spells are a little easier to cast,
                  | but a little less powerful. [a cacodemon]
 26720 | Pan      | Noticed Mnoleg
 26730 | Pan      | Killed Mnoleg
 26774 | Pan      | Got a glowing rune of Zot
 27073 | Pan      | Found a runed translucent door.
 27234 | Pan      | Found a huge runed translucent gate.
 27235 | Pan      | Found a huge runed translucent gate.
 27236 | Pan      | Found a huge runed translucent gate.
 27236 | Pan      | Found a huge runed translucent gate.
 27236 | Pan      | Found a huge runed translucent gate.
 27236 | Pan      | Found a huge runed translucent gate.
 27237 | Pan      | Found a huge runed translucent gate.
 27248 | Pan      | Noticed Xuruysen the pandemonium lord
 27260 | Pan      | Killed Xuruysen the pandemonium lord
 27416 | Pan      | Noticed Guanaysk the pandemonium lord
 27429 | Pan      | Killed Guanaysk the pandemonium lord
 27574 | Pan      | Entered the realm of Gloorx Vloq.
 27629 | Pan      | Noticed Gloorx Vloq
 27691 | Pan      | Was forgiven by Okawaru
 27899 | Pan      | Killed Gloorx Vloq
 27918 | Pan      | Got a dark rune of Zot
 28213 | Pan      | Noticed Ocach the pandemonium lord
 28234 | Pan      | Found an exit through the horrors of the Abyss.
 28349 | Pan      | Killed Ocach the pandemonium lord
 28391 | Pan      | Found a runed translucent door.
 28408 | Pan      | Got a demonic rune of Zot
 28724 | Pan      | Reached skill level 27 in Ranged Weapons
 28755 | Pan      | Noticed Giefag the pandemonium lord
 28764 | Pan      | Killed Giefag the pandemonium lord
 28850 | Pan      | Found a huge runed translucent gate.
 28851 | Pan      | Found a huge runed translucent gate.
 28852 | Pan      | Found a huge runed translucent gate.
 28852 | Pan      | Found a huge runed translucent gate.
 28852 | Pan      | Found a huge runed translucent gate.
 28852 | Pan      | Found a huge runed translucent gate.
 28853 | Pan      | Found a huge runed translucent gate.
 28951 | Pan      | Entered the realm of Lom Lobon.
 28951 | Pan      | Found an exit through the horrors of the Abyss.
 29228 | Pan      | Noticed Lom Lobon
 29259 | Pan      | Killed Lom Lobon
 29293 | Pan      | Got a magical rune of Zot
 29423 | Pan      | Took an exit into the Abyss.
 29423 | Abyss:3  | Escaped into the Abyss
 29798 | Abyss:4  | Found a corrupted altar of Lugonu.
 29847 | Abyss:4  | Got an abyssal rune of Zot
 29865 | Depths:1 | Escaped the Abyss
 29909 | Hell     | Entered the Vestibule of Hell
 29909 | Hell     | Noticed Geryon
 29968 | Hell     | Killed Geryon
 30013 | Hell     | Found a gateway to the Iron City of Dis.
 30124 | Hell     | Found a gateway to the freezing wastes of Cocytus.
 30183 | Hell     | Found a gateway to the decaying netherworld of Tartarus.
 30193 | Tar:1    | Entered Level 1 of Tartarus
 30645 | Tar:6    | Found a huge runed translucent gate.
 30645 | Tar:6    | Found a huge runed translucent gate.
 30645 | Tar:6    | Found a huge runed translucent gate.
 30645 | Tar:6    | Found a huge runed translucent gate.
 30645 | Tar:6    | Found a huge runed translucent gate.
 30646 | Tar:6    | Found a huge runed translucent gate.
 30646 | Tar:6    | Found a huge runed translucent gate.
 30647 | Tar:6    | Found a huge runed translucent gate.
 30647 | Tar:6    | Found a huge runed translucent gate.
 30648 | Tar:6    | Found a huge runed translucent gate.
 30648 | Tar:6    | Found a huge runed translucent gate.
 30649 | Tar:6    | Found a huge runed translucent gate.
 30649 | Tar:6    | Found a huge runed translucent gate.
 30650 | Tar:6    | Found a huge runed translucent gate.
 30650 | Tar:6    | Found a huge runed translucent gate.
 30653 | Tar:6    | Found a huge runed translucent gate.
 30654 | Tar:6    | Found a huge runed translucent gate.
 30655 | Tar:6    | Found a huge runed translucent gate.
 30656 | Tar:6    | Found a huge runed translucent gate.
 30657 | Tar:6    | Found a huge runed translucent gate.
 30657 | Tar:6    | Found a huge runed translucent gate.
 30661 | Tar:6    | Found a huge runed translucent gate.
 30662 | Tar:6    | Found a huge runed translucent gate.
 30664 | Tar:6    | Found a huge runed translucent gate.
 30664 | Tar:6    | Found a huge runed translucent gate.
 30671 | Tar:7    | Entered Level 7 of Tartarus
 30717 | Tar:7    | Found the dreamshard necklace {Acrobat *Dream}
 30765 | Tar:7    | Noticed a dread lich
 30770 | Tar:7    | Killed a dread lich
 30774 | Tar:7    | Noticed a dread lich
 30775 | Tar:7    | Killed a dread lich
 30802 | Tar:7    | Noticed Ereshkigal
 30807 | Tar:7    | Killed Ereshkigal
 30877 | Tar:7    | Got a bone rune of Zot
 30975 | Hell     | Lost mutation: You sometimes lose your temper in combat.
                  | [potion of mutation]
 30975 | Hell     | Lost mutation: Your body sometimes deteriorates upon taking
                  | damage. [potion of mutation]
 30975 | Hell     | Lost mutation: Your spells are a little easier to cast, but
                  | a little less powerful. [potion of mutation]
 30975 | Hell     | Gained mutation: You are somewhat resistant to further
                  | mutation. [potion of mutation]
 30975 | Hell     | Gained mutation: You are partially covered in large bone
                  | plates. (SH +4) [potion of mutation]
 31015 | Hell     | Found a gateway to the ashen valley of Gehenna.
 31022 | Geh:1    | Entered Level 1 of Gehenna
 31084 | Geh:2    | Noticed a juggernaut
 31084 | Geh:2    | Noticed a juggernaut
 31093 | Geh:2    | Killed a juggernaut
 31098 | Geh:2    | Paralysed by a Zot trap for 2 turns
 31108 | Geh:2    | Killed a juggernaut
 31110 | Geh:2    | Noticed a juggernaut
 31117 | Geh:2    | Killed a juggernaut
 31132 | Geh:2    | Noticed a juggernaut
 31140 | Geh:2    | Killed a juggernaut
 31152 | Geh:2    | Noticed a juggernaut
 31156 | Geh:2    | Noticed a juggernaut
 31166 | Geh:2    | Killed a juggernaut
 31175 | Geh:2    | Killed a juggernaut
 31185 | Geh:2    | Noticed a juggernaut
 31203 | Geh:2    | Killed a juggernaut
 31216 | Geh:2    | Noticed a juggernaut
 31223 | Geh:2    | Killed a juggernaut
 31522 | Geh:7    | Entered Level 7 of Gehenna
 31635 | Geh:7    | Identified the +2 leather armour of Exclusion {Rampage
                  | Str+7 Int-5 Dex+3}
 31700 | Geh:7    | Identified the +1 pair of gloves of the Ageless Mystics
                  | {^Drain rPois Int+8 Slay-4}
 31792 | Geh:7    | Found the +13 sceptre of Asmodeus
 31792 | Geh:7    | Noticed Asmodeus
 31812 | Geh:7    | Killed Asmodeus
 31833 | Geh:7    | Identified the +4 hand axe of Conscience {drain, rPois
                  | Dex+3}
 31835 | Geh:7    | Got an obsidian rune of Zot
 31886 | Geh:7    | Found the +2 Maxwell's thermic engine {flame, freeze, rev}
 32011 | Coc:1    | Entered Level 1 of Cocytus
 32475 | Coc:7    | Entered Level 7 of Cocytus
 32808 | Coc:7    | Paralysed by a wendigo for 1 turns
 32849 | Coc:7    | Paralysed by a wendigo for 1 turns
 32879 | Coc:7    | Noticed Antaeus
 32898 | Coc:7    | Killed Antaeus
 32940 | Coc:7    | Got an icy rune of Zot
 32945 | Coc:7    | Got Sif Muna's Spellbook of Outbursts and Superposition
 33120 | Dis:1    | Entered Level 1 of the Iron City of Dis
 33418 | Dis:4    | Noticed a dread lich
 33427 | Dis:4    | Killed a dread lich
 33876 | Dis:7    | Entered Level 7 of the Iron City of Dis
 33978 | Dis:7    | Noticed the Serpent of Hell
 33992 | Dis:7    | Killed the Serpent of Hell
 34046 | Dis:7    | Noticed a juggernaut
 34046 | Dis:7    | Noticed Dispater
 34056 | Dis:7    | Killed a juggernaut
 34062 | Dis:7    | Killed Dispater
 34640 | Dis:7    | Got an iron rune of Zot
 34682 | Dis:7    | Identified the staff "Nusupod" {rElec rPois rF+ SInv Stlth-
                  | Air}
 35034 | Depths:4 | Got a midnight gem with 1202 turns to spare
 35036 | Zot:1    | Entered Level 1 of the Realm of Zot
 35061 | Zot:1    | Reached skill level 27 in Invocations
 35438 | Zot:3    | Identified the ring of Rablirr {rElec rC+ rCorr Dex-4}
 35508 | Zot:4    | Found a transporter.
 35535 | Zot:4    | Reached skill level 27 in Fighting
 35536 | Zot:4    | Reached skill level 27 in Dodging
 35536 | Zot:4    | Reached skill level 27 in Shields
 35537 | Zot:4    | Noticed an orb of fire
 35544 | Zot:4    | Killed an orb of fire
 35544 | Zot:4    | Noticed an orb of fire
 35554 | Zot:4    | Killed an orb of fire
 35575 | Zot:4    | Identified the ring of the Kraken {Ice *Slow rPois Will+
                  | Dex+3}
 35579 | Zot:5    | Entered Level 5 of the Realm of Zot
 35655 | Zot:5    | Got a prismatic gem with 365 turns to spare
 35670 | Zot:5    | Noticed a dread lich
 35679 | Zot:5    | Killed a dread lich
 35689 | Zot:5    | Noticed an orb of fire
 35692 | Zot:5    | Noticed an orb of fire
 35697 | Zot:5    | Noticed an orb of fire
 35701 | Zot:5    | Killed an orb of fire
 35702 | Zot:5    | Reached skill level 10 in Translocations
 35703 | Zot:5    | Killed an orb of fire
 35703 | Zot:5    | Killed an orb of fire
 35713 | Zot:5    | Noticed an orb of fire
 35720 | Zot:5    | Noticed an orb of fire
 35723 | Zot:5    | Killed an orb of fire
 35723 | Zot:5    | Noticed an ancient lich
 35728 | Zot:5    | Killed an ancient lich
 35729 | Zot:5    | Killed an orb of fire
 35794 | Zot:5    | Got the Orb of Zot
 35808 | Zot:5    | Noticed Cysucu the pandemonium lord
 35813 | Zot:5    | Killed Cysucu the pandemonium lord
 36140 | Depths:3 | Noticed Iciaxav the pandemonium lord
 36152 | Depths:3 | Killed Iciaxav the pandemonium lord
 36260 | Depths:2 | Reached skill level 15 in Translocations
 36555 | D:10     | Noticed Hatzuhun the pandemonium lord
 36560 | D:10     | Killed Hatzuhun the pandemonium lord
 36755 | Slime:2  | Noticed Gely the pandemonium lord
 36764 | Slime:2  | Killed Gely the pandemonium lord
 37113 | Slime:5  | Entered Level 5 of the Pits of Slime
 37176 | Slime:5  | Noticed the Royal Jelly
 37189 | Slime:5  | Killed the Royal Jelly
 37208 | Slime:5  | Noticed Piolair the pandemonium lord
 37212 | Slime:5  | Killed Piolair the pandemonium lord
 37213 | Slime:5  | Reached skill level 15 in Evocations
 37229 | Slime:5  | Learned a level 6 spell: Dispersal
 37278 | Slime:5  | Noticed Kuroin the pandemonium lord
 37283 | Slime:5  | Killed Kuroin the pandemonium lord
 37340 | Slime:5  | Got a starry gem with 582 turns to spare
 37342 | Slime:5  | Got a slimy rune of Zot
 37344 | Slime:5  | Got Nateff's Essays on Coruscating Gases
 37443 | Slime:3  | Noticed Rofif the pandemonium lord
 37448 | Slime:3  | Noticed an ancient lich
 37452 | Slime:3  | Killed Rofif the pandemonium lord
 37457 | Slime:3  | Killed an ancient lich
 37869 | D:$      | Escaped with the Orb!

Illustrated notes

Levels and vault maps discovered:
D:1:      dpeg_arrival_round_b, layout_loops_corners,
          nicolae_ecumenical_snake_handling
D:2:      layout_loops_ring, basic_altar, fountainhead, mrwooster_statue_mirror,
          chequers_serial_rivers_micro_b, minmay_misc_feat_tiny, uniq_natasha
D:3:      layout_rooms, palyth_stone_intersect
D:4:      layout_loops_corners, nicolae_overflows_in_rows
D:5:      layout_basic, grunt_ministairs_9
D:6:      layout_rooms, minmay_temple_entry_glassed_door
D:7:      layout_loops_cross, serial_shops, nicolae_inconvenience_store,
          uniq_jeremiah
D:8:      layout_loops_ring, minmay_joined_circles
D:9:      layout_gridville, serial_demonic, serial_demonic_f, serial_demonic_b,
          serial_demonic_a, serial_demonic_a, serial_demonic_e,
          serial_demonic_g, uniq_grum, uniq_joseph
D:10:     layout_gridville, dpeg_lair_monsters
D:11:     layout_roguey, orc_david_3, kennysheep_boxes, uniq_josephine,
          uniq_psyche, uniq_fannar
D:12:     layout_loops_ring, serial_shops, nicolae_shop_behind_doors,
          nicolae_trove_entry_crossroad
D:13:     layout_roguey, hellmonk_vaults_order_and_chaos
D:14:     layout_basic, amcnicky_mini_pool_small, uniq_kirke, uniq_agnes,
          uniq_jorgrun
D:15:     grunt_enter_depths_magical_seal, layout_rooms, serial_shops,
          nicolae_shop_tiny_statue_garden, lightli_fourway_metalbox
Temple:   nicolae_temple_god_jail
Lair:1:   layout_small_grid, portal_ice_cave_rime, ebering_ghost_inner_flame,
          serial_bayou_shore_b, serial_bayou_shore_b
Lair:2:   layout_cave_pods, swamp_mist, nicolae_spider_entry_tight_spaces,
          serial_rivers, chequers_serial_rivers_large_a,
          chequers_serial_rivers_micro_e, chequers_serial_rivers_room_a,
          chequers_serial_rivers_small_3, chequers_serial_rivers_room_a
Lair:3:   layout_hall_layers, beast_lair_carwin_4, grunt_megastairs_1
Lair:4:   layout_layer_cave, slime_entry_2, serial_bayou_shore_a,
          grunt_megastairs_5
Lair:5:   hellmonk_lair_end_abyssal_woods, layout_long_grid, basic_altar,
          lemuel_fruit_tree, uniq_nessos
Swamp:1:  layout_basic_swamp, gammafunk_ghost_hydra_chop,
          evilmike_swamp_ruin_rubble_1
Swamp:2:  layout_falls_marsh, hangedman_swamp_blocks, swamp_pool_1_2,
          hangedman_swamp_phenomena
Swamp:3:  nzn_winding_woodlands_cross [nzn_winding_woodlands_5x15_crooked,
          nzn_winding_woodlands_5x15_lazy_stream,
          nzn_winding_woodlands_5x15_river_crossing,
          nzn_winding_woodlands_5x15_sawtooth,
          nzn_winding_woodlands_15x15_five_gardens], layout_falls_marsh,
          evilmike_swamp_ruin_house_4, nicolae_swamp_decorative_isthmus
Swamp:4:  swamp_basic_johnstein, layout_basic_swamp, uniq_donald, uniq_nikola
Spider:1: layout_spider_delve, uniq_azrael
Spider:2: layout_spider_delve
Spider:3: layout_spider_delve
Spider:4: grunt_spider_rune_island, drop_trap, nicolae_spider_checkerboard
Slime:1:  layout_caves
Slime:2:  layout_caves
Slime:3:  layout_caves, nicolae_slime_crime_time
Slime:4:  cheibrodos_slime_lost_civilization_8, layout_caves, basic_altar
Slime:5:  slime_pit_nicolae_inversion
Orc:1:    layout_diamond_mine, serial_shops, nicolae_shop_back_alley_shop,
          guppyfry_orc_lava_fort
Orc:2:    st_orc_elflike, layout_diamond_mine
Elf:1:    nicolae_elf_arrival_no_cutting_in_line, layout_geoelf_octagon,
          special_room [special_room_orc], hangedman_elf_disciples,
          grunt_megastairs_2
Elf:2:    nicolae_elf_blades_crystal_corner, layout_onion_city
Elf:3:    minmay_elf_hall_hex, layout_loops_corners, basic_altar, serial_shops,
          nicolae_shop_bloodbath_and_beyond
Vaults:1: ontoclasm_vaults_idyll, v_misc_1, nicolae_vaults_stairing_the_circle,
          nicolae_vaults_mitosis, nicolae_vaults_weapon_check,
          serial_library_regret_index_small_wings,
          nicolae_vaults_layer_cake_slice, nicolae_vaults_shipping_containers_5,
          nicolae_vaults_double_plus_2, v_misc_10, hangedman_vaults_impose,
          v_alt_pattern_5, nicolae_vaults_trapezoid_4, layout_vaults_omnibox,
          serial_shops, shop, nicolae_shop_hallway_plus,
          nicolae_shop_statue_plus, shop, nicolae_shop_trees
Vaults:2: hellmonk_ghost_big_iron, nicolae_vaults_network_star,
          nicolae_vaults_shrinking_rooms_1, nicolae_vaults_yaktaur_gun_rack,
          nicolae_vaults_asterisk, nicolae_vaults_lightning_bolt,
          nicolae_vaults_mini_display_case, nicolae_vaults_stepped_doors,
          layout_vaults_omnigrid
Vaults:3: gammafunk_ghost_ooze, nicolae_vaults_octothorpe,
          blue_anna_dwarven_crypt, v_misc_1, nicolae_vaults_big_ls,
          vaults_dpeg_ring, nicolae_vaults_branching_niches, v_misc_26,
          nicolae_vaults_wine_cellar, nicolae_vaults_border_crossing,
          nicolae_vaults_alarming, vaults_dpeg_encased_lava,
          nicolae_vaults_little_squares_2, nicolae_vaults_trapezoid_lopsided_1,
          layout_vaults_chaotic_city, serial_shops, nicolae_shop_stone
Vaults:4: vaults_room_fancy_cross, nicolae_vaults_disappearing_quadrants,
          nicolae_vaults_big_angled_halls, v_misc_10,
          ontoclasm_vaults_misaligned, hangedman_vaults_locks, vaults_room_grid,
          v_misc_11, v_misc_24, vaults_room_pools, vaults_dpeg_spiral,
          vaults_mumra_lcd, nicolae_vaults_two_Ls, nicolae_vaults_rhombus_5,
          nicolae_vaults_ring_of_whatevers, nicolae_vaults_diamond_1,
          layout_vaults_omnicross, uniq_margery, uniq_mennas, uniq_frederick
Vaults:5: uniq_bai_suzhen
Crypt:1:  layout_regular_city, weyrava_lich_vault, grunt_crypt_arrival_webbed
Crypt:2:  layout_rooms, due_unseen_surprise, uniq_vv, uniq_jory
Crypt:3:  grunt_crypt_end_deaths_head
Tomb:1
Tomb:2
Tomb:3
Depths:1: layout_big_octagon, abyss_entry, serial_shops, shop,
          grunt_pan_entry_sceptre, minmay_misc_feat_nine_boxes, pf_coc_iceberg,
          grunt_ministairs_2, nicolae_qazlal_style_of_elements, minmay_shoptagon
Depths:2: kennysheep_bubble_arena, layout_gridlike, enter_ziggurat_e,
          hell_entry, lemuel_round_altar, rand_demon_pan_entry_4,
          minmay_staircase_bubble
Depths:3: grunt_forest_end_winery, layout_gridlike,
          pf_vacation_house_of_asmodeus, mu_enter_wizlab_1, abyss_entry,
          infiniplex_staircase_pool_2
Depths:4: grunt_zot_entry_tricorne, layout_cave_pools, serial_sigils,
          serial_sigils_hangedman_stare, serial_sigils_hangedman_scar,
          serial_sigils_hangedman_etch, serial_sigils_hangedman_confine,
          lightli_too_deep, nzn_wu_jian_council_hall
Hell
Dis:1:    layout_regular_city
Dis:2:    layout_regular_city, nrook_loot_triangle
Dis:3:    layout_jigsaw
Dis:4:    layout_jigsaw
Dis:5:    layout_jigsaw
Dis:6:    layout_jigsaw, nicolae_dis_having_a_grate_time
Dis:7:    dis_st
Geh:1:    layout_gehenna_pools_triple
Geh:2:    nicolae_hells_titanomachy
Geh:3:    layout_gehenna_pools_box, nicolae_geh_fourpack
Geh:4:    layout_gehenna_pools_box
Geh:5:    layout_gehenna_pools_basic
Geh:6:    nicolae_geh_tyrants_menagerie, layout_gehenna_pools_basic
Geh:7:    geh_grunt
Coc:1:    layout_ice_bergs, nicolae_hells_seeping_fissure
Coc:2:    layout_cocytus_water_paths
Coc:3:    layout_cocytus_water_paths
Coc:4:    layout_cocytus_delve, nicolae_hells_seeping_fissure
Coc:5:    layout_cocytus_delve
Coc:6:    layout_cocytus_delve
Coc:7:    coc_old
Tar:1:    layout_grid_maze
Tar:2:    layout_honeycomb, nicolae_tar_stay_or_leave
Tar:3:    layout_grid_maze
Tar:4:    layout_grid_maze
Tar:5:    layout_grid_maze
Tar:6:    layout_honeycomb, door_vault
Tar:7:    tar_grunt_cathedral
Zot:1:    kennysheep_oblong_rooms, layout_onion_interference, zot_minivault_5
Zot:2:    layout_gridlike, regret_index_zotdec_dark_gr
Zot:3:    layout_basic, regret_index_zotdec_magical_s, uniq_grunn, uniq_tiamat,
          uniq_parghit
Zot:4:    gammafunk_dig_for_victory, layout_misc_corridors,
          regret_index_zotdec_wing_it, lemuel_lake_of_fire
Zot:5:    layout_gridville, lemuel_golem_globe

Skill      XL: |  1  2  3  4  5  6  7  8  9 10 11 12 13 14 15 16 17 18 19 20 21 22 23 24 25 26 27 |
---------------+----------------------------------------------------------------------------------+-----
Dodging        | 2 4 5 6 8 10 12 13 15 16 17 19 20 21 27 | 27.0
Throwing       | 3 |  3.0
Short Blades   | 3 |  3.0
Fighting       | 3 4 5 7 8 10 11 12 13 14 15 16 17 19 20 21 27 | 27.0
Invocations    | 2 5 6 8 9 11 12 13 15 17 18 27 | 27.0
Ranged Weapons | 3 8 10 12 13 14 15 16 18 21 22 24 27 | 27.0
Evocations     | 8 10 15 | 15.0
Shields        | 8 17 20 27 | 27.0
Translocations | 17 | 17.2
Stealth        | |  4.7

Action                     |  1- 3 |  4- 6 |  7- 9 | 10-12 | 13-15 | 16-18 | 19-21 | 22-24 | 25-27 || total
---------------------------+-------+-------+-------+-------+-------+-------+-------+-------+-------++-------
  Melee: Dagger            |    76 |   186 |       |       |       |       |       |       |       ||   262
         Punch             |     1 |     5 |     4 |       |       |       |       |       |       ||    10
         Short sword       |       |    67 |   478 |       |       |       |       |       |       ||   545
         Triple crossbow   |       |       |       |       |       |       |       |     8 |       ||     8
   Fire: Orcbow            |       |       |    60 |    19 |       |       |       |       |       ||    79
         Shortbow          |       |       |       |   581 |    19 |       |       |       |       ||   600
         Triple crossbow   |       |       |       |       |   684 |   690 |   960 |  1140 |       ||  3474
         Hand cannon       |       |       |       |       |       |       |       |    98 |  4053 ||  4151
  Throw: Dart              |       |     6 |     7 |     2 |       |       |       |       |       ||    15
         Throwing net      |       |       |       |     2 |       |       |       |       |       ||     2
   Cast: Apportation       |       |       |       |       |       |     2 |     3 |       |    29 ||    34
 Invoke: Heroism           |       |       |     9 |    15 |     7 |     7 |     5 |     3 |       ||    46
         Finesse           |       |       |       |     2 |     1 |     8 |    18 |    11 |       ||    40
         Duel              |       |       |       |     1 |       |       |     1 |     1 |       ||     3
         Receive Weapon    |       |       |       |       |     1 |       |       |       |       ||     1
         Receive Armour    |       |       |       |       |     1 |       |       |       |       ||     1
         Cleansing Flame   |       |       |       |       |       |       |       |     6 |   373 ||   379
         Divine Shield     |       |       |       |       |       |       |       |     3 |    73 ||    76
         Summon Divine War |       |       |       |       |       |       |       |     1 |    21 ||    22
         Brand Weapon With |       |       |       |       |       |       |       |     1 |       ||     1
  Evoke: Wand              |       |     1 |       |       |       |       |       |     2 |    12 ||    15
         Phial of floods   |       |       |       |       |       |       |       |     1 |       ||     1
    Use: Potion            |       |     9 |     5 |     5 |     2 |     2 |     7 |    13 |    32 ||    75
         Scroll            |       |       |     7 |     8 |    10 |     4 |    10 |     7 |    30 ||    76
   Stab: Sleeping          |     6 |     3 |       |       |       |       |       |       |       ||     9
         Distracted        |     1 |       |       |       |       |       |       |       |       ||     1
         Invisible         |       |       |     2 |       |       |       |       |       |       ||     2
 Armour: Robe              |    33 |    54 |    13 |    33 |       |       |       |       |       ||   133
         Scale mail        |       |    33 |       |       |       |       |       |       |       ||    33
         Chain mail        |       |    81 |   140 |       |       |       |       |       |       ||   221
         Skin              |       |       |     9 |       |       |       |       |     1 |    94 ||   104
         Plate armour      |       |       |   245 |       |       |       |       |       |       ||   245
         Steam dragon scal |       |       |       |    74 |     9 |       |       |       |       ||    83
         Troll leather arm |       |       |       |       |   119 |   113 |   240 |   289 |  1085 ||  1846
  Dodge: Dodged            |    43 |   100 |    97 |   232 |   674 |   378 |   779 |  1265 |  1844 ||  5412
  Block: Other             |       |       |     8 |    47 |   116 |    40 |       |    39 |       ||   250
         Reflection        |       |       |     2 |     2 |    11 |     7 |       |       |       ||    22
         Kite shield       |       |       |       |       |       |       |       |       |  2875 ||  2875
         Tower shield      |       |       |       |       |       |       |       |       |   730 ||   730

Table legend: (Time is in decaauts)
 A = Elapsed time spent in this place.
 B = Non-inter-level travel time spent in this place.
 C = Inter-level travel time spent in this place.
 D = Time resting spent in this place.
 E = Time spent auto-exploring this place.
 F = Levels seen in this place.
 G = Mean time per level.
                   A        B        C        D        E       F      G
               +--------+--------+--------+--------+--------+-----+--------+
         Total |  38524 |  31532 |   6992 |    134 |     21 | 113 |  340.9 |
       Dungeon |   9471 |   7130 |   2341 |     77 |      0 |  15 |  631.4 |
        Temple |     24 |      4 |     20 |      0 |      0 |   1 |   24.0 |
          Lair |   3266 |   2376 |    890 |      0 |      0 |   5 |  653.2 |
         Swamp |   1150 |   1061 |     89 |      0 |      0 |   4 |  287.5 |
   Spider Nest |   1231 |   1166 |     65 |      0 |      0 |   4 |  307.8 |
    Slime Pits |    822 |    641 |    181 |      0 |     11 |   5 |  164.4 |
  Orcish Mines |    935 |    723 |    212 |      0 |      0 |   2 |  467.5 |
   Elven Halls |   1529 |   1311 |    218 |      0 |      0 |   3 |  509.7 |
        Vaults |   3423 |   2652 |    771 |      0 |      0 |   5 |  684.6 |
         Crypt |   1220 |    954 |    266 |      0 |      0 |   3 |  406.7 |
          Tomb |   1727 |   1468 |    259 |      0 |      0 |   3 |  575.7 |
        Depths |   2079 |   1223 |    856 |      0 |      0 |   4 |  519.8 |
          Hell |    473 |    362 |    111 |      0 |      0 |   1 |  473.0 |
           Dis |   1662 |   1475 |    187 |      0 |      0 |   7 |  237.4 |
       Gehenna |    935 |    805 |    130 |      0 |      0 |   7 |  133.6 |
       Cocytus |   1101 |    915 |    186 |      0 |      0 |   7 |  157.3 |
      Tartarus |    802 |    722 |     80 |      0 |      0 |   7 |  114.6 |
           Zot |   1029 |    905 |    124 |      0 |      0 |   5 |  205.8 |
         Abyss |    825 |    825 |      0 |      0 |     10 |   4 |  206.2 |
   Pandemonium |   4061 |   4061 |      0 |      0 |      0 |  16 |  253.8 |
      Ice Cave |    214 |    214 |      0 |     57 |      0 |   1 |  214.0 |
        Wizlab |    472 |    472 |      0 |      0 |      0 |   1 |  472.0 |
         Arena |     63 |     63 |      0 |      0 |      0 |   3 |   21.0 |
               +--------+--------+--------+--------+--------+-----+--------+

Top non-repeatable levels by time:
Vaults:3: 1140 daAuts
Vaults:5: 1040 daAuts
  Tomb:1: 1007 daAuts
    D:10: 968 daAuts
   Dis:7: 897 daAuts
  Lair:2: 801 daAuts
    D:11: 773 daAuts
    D:12: 772 daAuts
     D:7: 761 daAuts
  Lair:1: 742 daAuts
  Lair:5: 741 daAuts
     D:6: 733 daAuts
     D:5: 723 daAuts
    D:14: 666 daAuts
   Elf:3: 634 daAuts
